 Dungeon Crawl Stone Soup version 0.28-a0-178-ga708605c5b (webtiles) character file.

Game seed: 16565314725420380781

305 siradein the Slasher (level 6, -1/44 HPs)
             Began as a Vampire Gladiator on Aug 18, 2021.
             Engulfed by a steam dragon's steam (14 damage)
             ... on level 4 of the Dungeon.
             The game lasted 00:07:49 (3500 turns).

siradein the Slasher (Vampire Gladiator)            Turns: 3500, Time: 00:07:49

Health: -1/44      AC: 11    Str: 20    XL:     6   Next: 16%
Magic:  6/6        EV: 13    Int: 10    God:
Gold:   232        SH:  0    Dex: 22    Spells: 5/5 levels left

rFire   . . .      SeeInvis +   p - +6 whip "Fascha" {protect, rCorr Str+5}
rCold   . . .      Faith    .   (no shield)
rNeg    . . .      Spirit   .   b - +0 leather armour
rPois   .          Reflect  .   c - +0 helmet
rElec   .          Harm     .   (no cloak)
rCorr   +          Rampage  .   (no gloves)
Will    .....                   (no boots)
Stlth   ++........              (no amulet)
HPRegen 0.34/turn               h - +6 ring of dexterity
MPRegen 0.10/turn               (no ring)

@: under a protective aura, healing quickly
A: alive, fangs 3, see invisible, vampiric 2
a: Exsanguinate


You were on level 4 of the Dungeon.
You visited 1 branch of the dungeon, and saw 4 of its levels.

You collected 232 gold pieces.

Inventory:

Hand Weapons
 a - a +0 long sword
 p - the +6 whip "Fascha" (weapon) {protect, rCorr Str+5}
   (You took it off a hobgoblin on level 4 of the Dungeon)

   It grants its wielder temporary protection when it strikes (+7 to AC).
   Str:       It affects your strength (+5).
   rCorr:     It protects you from acid and corrosion.
Missiles
 n - 2 throwing nets (quivered)
Armour
 b - a +0 leather armour (worn)
 c - a +0 helmet (worn)
Jewellery
 d - an amulet of the acrobat
 h - a +6 ring of dexterity (left hand)
 i - a ring of magical power
Scrolls
 j - a scroll of fog {unknown}
 l - a scroll of teleportation {unknown}
 m - a scroll of holy word {unknown}
 o - 2 scrolls of identify {unknown}
Potions
 e - 2 potions of degeneration {unknown}
 f - a potion of curing {unknown}
 g - 2 potions of berserk rage {unknown}
 k - a potion of brilliance {unknown}


   Skills:
 - Level 1.7 Fighting
 + Level 7.0 Long Blades
 - Level 1.5 Throwing
 - Level 3.2 Dodging


You had 5 spell levels left.
You didn't know any spells.
Your spell library contained the following spells:

 Spells                   Type           Power      Damage    Failure   Level
 Magic Dart               Conj           0%         1d3       41%         1
 Call Imp                 Summ           0%         N/A       56%         2
 Call Canine Familiar     Summ           0%         N/A       80%         3
 Mephitic Cloud           Conj/Pois/Air  0%         N/A       80%         3
 Portal Projectile        Hex/Tloc       0%         N/A       80%         3
 Tukima's Dance           Hex            0%         N/A       80%         3
 Leda's Liquefaction      Hex/Erth       0%         N/A       99%         4
 Passage of Golubria      Tloc           N/A        N/A       99%         4
 Yara's Violent Unravell  Hex/Tmut       0%         3d3       100%        5


Dungeon Overview and Level Annotations

Branches:
Dungeon (4/15)
 Temple: D:4-7

Altars:
Okawaru

Shops:
D:4 (


Innate Abilities, Weirdness & Mutations

Your natural rate of healing is accelerated.
You have razor-sharp teeth.
You have supernaturally acute eyesight. (SInv)
You are afflicted with vampirism and can become a bat while bloodless.


Message History

You see here a ball python skeleton.
You now have 223 gold pieces (gained 11).
Key pressed, stopping explore.
A hobgoblin comes into view.
The hobgoblin shouts!
A hobgoblin is nearby!
A hobgoblin is nearby!
A hobgoblin is nearby!
A hobgoblin is nearby!
A hobgoblin is nearby!
The hobgoblin hits you.
You whack the hobgoblin!
Your weapon exudes an aura of protection.
You kill the hobgoblin!
No target in view!
No target in view!
No target in view!
Found an escape hatch in the ceiling.
There is an escape hatch in the ceiling here.
You now have 232 gold pieces (gained 9).
The steam dragon hisses angrily.
The steam dragon breathes steam at you. The ball of steam hits you!!
A steam dragon is nearby!
A steam dragon is nearby!
A steam dragon is nearby!
No reachable target in view!
No reachable target in view!
No reachable target in view!
The steam dragon bites you! The steam dragon closely misses you.
You whack the steam dragon!
Your weapon exudes an aura of protection.
The steam dragon is moderately wounded.
The steam dragon breathes steam at you. The ball of steam hits you!
* * * LOW HITPOINT WARNING * * *
You hit the steam dragon.
The steam dragon is heavily wounded.
You are engulfed in a cloud of scalding steam.
You die...

#### ### ####...###
##.########### ########....
..# #.............
......##..# #.#
##.########### #.....##..#
#D#####.# # #.......#.#
#ยง@.....# # #.....##..#
#.############# #
#.....##..#####........(....#
#
##.#.###........###########.#
# .........#.###### #.# #
###.<###.#.# #.# #.## #.#.#
#.# #.# #.#.# #># ###.#
#.#.############ #.###


You could see a steam dragon (catching breath).

Vanquished Creatures
  A centaur (D:4)
  An ogre (D:4)
  Terence (D:2)
  5 adders
  An ufetubus (D:4)
  A worm (D:3)
  2 dart slugs
  3 orcs (D:3)
  9 ball pythons
  5 endoplasms
  4 giant cockroaches
  7 goblins
  2 hobgoblins (D:4)
  3 jackals (D:4)
  4 kobolds
  3 quokkas
  7 bats
  7 frilled lizards
  4 rats
70 creatures vanquished.

Notes
Turn   | Place    | Note
-------+----------+-------------------------------------------
     0 | D:1      | siradein the Vampire Gladiator began the quest for the Orb.
     0 | D:1      | Reached XP level 1. HP: 16/16 MP: 1/1
   121 | D:1      | Reached XP level 2. HP: 22/22 MP: 2/2
   422 | D:1      | Reached skill level 4 in Long Blades
   637 | D:2      | Gained mutation: You are afflicted with vampirism and can
                  | become a bat while bloodless. [Vampire growth]
   637 | D:2      | Reached XP level 3. HP: 27/27 MP: 3/3
   671 | D:2      | Noticed Terence
   788 | D:2      | Killed Terence
   973 | D:2      | Found a faded altar of an unknown god.
  1091 | D:2      | Reached skill level 5 in Long Blades
  1091 | D:2      | Reached XP level 4. HP: 27/33 MP: 4/4
  1914 | D:3      | Found an iron altar of Okawaru.
  2139 | D:3      | Noticed an ogre
  2751 | D:4      | Reached XP level 5. HP: 38/38 MP: 5/5
  2769 | D:4      | Noticed a steam dragon
  2813 | D:4      | Found Qahosu Enug's Weapon Boutique.
  2915 | D:4      | Noticed a centaur
  2927 | D:4      | Killed a centaur
  2928 | D:4      | Reached skill level 6 in Long Blades
  3160 | D:4      | Noticed an ogre
  3242 | D:4      | Killed an ogre
  3243 | D:4      | Reached skill level 7 in Long Blades
  3243 | D:4      | Reached XP level 6. HP: 31/44 MP: 6/6
  3308 | D:4      | Identified the +6 whip "Fascha" {protect, rCorr Str+5}
  3500 | D:4      | Engulfed by a steam dragon's steam

Illustrated notes

Levels and vault maps discovered:
D:1:      minmay_arrival_shoal_huts, layout_loops_ring, minivault_19
D:2:      minmay_skewed_foursquare, layout_basic,
          dreamdust_ecumenical_altar_angels_and_demons, st_stairs_13,
          uniq_terence
D:3:      layout_basic, nicolae_overflow_crystal_walls
D:4:      cheibrodos_thug_alley, layout_loops_ring, grunt_qazlal_sundering,
          serial_shops, shop

Skill      XL: |  1  2  3  4  5 |
---------------+----------------+-----
Long Blades    | 4 5 7 |  7.0
Fighting       | |  1.7
Throwing       | |  1.5
Dodging        | |  3.2

Action                   |  1- 3 |  4- 6 || total
-------------------------+-------+-------++-------
Melee: Long sword        |    77 |   100 ||   177
       Bite              |     7 |    19 ||    26
       Whip              |       |     3 ||     3
Throw: Throwing net      |       |     4 ||     4
  Use: Scroll            |     1 |       ||     1
 Stab: Sleeping          |       |     3 ||     3
       Held in net/web   |       |     2 ||     2
Armor: Leather armour    |    28 |    27 ||    55
Dodge: Dodged            |    60 |    86 ||   146
       Rpst.: Long sword |    17 |    25 ||    42

Table legend: (Time is in decaauts)
 A = Elapsed time spent in this place.
 B = Non-inter-level travel time spent in this place.
 C = Inter-level travel time spent in this place.
 D = Time resting spent in this place.
 E = Time spent auto-exploring this place.
 F = Levels seen in this place.
 G = Mean time per level.
                   A        B        C        D        E       F      G
               +--------+--------+--------+--------+--------+-----+--------+
         Total |   3533 |   3483 |     50 |    165 |   2652 |   4 |  883.2 |
       Dungeon |   3533 |   3483 |     50 |    165 |   2652 |   4 |  883.2 |
               +--------+--------+--------+--------+--------+-----+--------+

Top non-repeatable levels by time:
     D:2: 1375 daAuts
     D:3: 778 daAuts
     D:4: 755 daAuts
     D:1: 623 daAuts
